Map: Equilibrium LE

Players

SubN

  • Race: Zerg Zerg
  • League: Diamond
  • Spawn Location: 11:00

ZergHunter - Winner!

  • Race: Terran Terran
  • League: Platinum
  • Spawn Location: 1:00

VOD

Have the link to the VOD?

Description

Time

  • Played on: Jan. 22, 2024, 12:37 p.m.
  • Length: 2:29
Show
View Real Time Build Order
Export as new Build Order

SubN Zerg 

Build Orders: Pool First 

Get SALT Encoding   

  12  0:00  Drone  
  13  0:12  Overlord  
  13  0:20  Drone  
  14  0:31  Drone x2  
  16  0:35  Drone  
  17  0:46  Spawning Pool  
  16  1:05  Hatchery  
  15  1:12  Drone x2  
  15  1:15  Drone  
  18  1:23  Overlord  
  18  1:35  Queen  
  18  1:39  Overlord  
  20  1:44  Zergling x2  
  21  2:00  Zergling x2  
Show
View Real Time Build Order
Export as new Build Order

ZergHunter Terran - Winner!

Build Orders:  

Get SALT Encoding   

  12  0:02  SCV  
  13  0:17  Supply Depot  
  13  0:44  Barracks  
  13  0:46  Barracks  
  13  0:50  SCV  
  14  1:02  SCV  
  15  1:14  SCV  
  16  1:27  SCV  
  17  1:33  Marine x2  
  19  1:42  Bunker  
  19  1:49  Bunker  
  19  1:51  Marine x2  
  19  1:52  Orbital Command  
Tags
 
Add a new tag
Caveats
  • Supply blocks, unpowered buildings, or Contaminate may cause inaccurate times.
  • Supply counts are checked every 10 seconds.